cohdb
Replays
Latest Replays
All Replays
Popular Replays
Top Player Replays
Match Explorer
How It Works
Community
CoH3 Stats
Reddit
Sign in to upload your games and track your stats! →
Sign in with Steam
Match 36370896
Unlisted
Match 36370896
Overview
Messages
Build Orders
End
Construct Infanterie Kompanie
Kettenkrad Recon Vehicle
Grenadier Squad
Grenadier Squad
GrW 34 Mortar Team
Construct Panzergrenadier Kompanie
Panzergrenadier Squad
251 Medium Carrier
Panzergrenadier Squad
Construct Panzer Kompanie
Sturmpanzer IV Brummbär
Selects Breakthrough Battlegroup
Selects Breakthrough Battlegroup
Selects Rapid Production
QuitZera☆
lllandscape
Jrsss
K9 VIDAR
Yaas
Darkshadow
0
0
Comments
sign in to comment!
No comments posted yet!